AoeStats
← wuyu

African Clearing

510352202Analyzed
3v3 RM · 16h ago on Sep 30, 2026· 23m 19s· 6 players
Game mode
Random Map
Map size
Normal (6 player)
Population
200
Speed
Normal
Resources
Standard
Victory
Conquest
Starting age
Dark Age
Ending age
Imperial Age
RankedLock teamsTeams togetherTeam positionsShared explorationLock speedFull tech treeHidden civsTurbo modeCheats
Victory
Defeat
🇨🇴 Vietnamese · Colombia
1425
+8
🇬🇧 Chinese · United Kingdom
1343
+11
🇺🇸 Mongols · United States
1249
+14
🇨🇳 Vietnamese · China
1246
-12
🇨🇳 Saracens · China
1231
-11
🇨🇳 Burgundians · China
1208
-10
boluwatifeajibade
3:03 Loom
11:34 Feudal Age
14:55 Double-Bit Axe
19:44 Castle Age
19:25 Scale Barding Armor
19:32 Bloodlines
19:22 Horse Collar
23:02 Bow Saw
ivandario67
12:56 Feudal Age
12:21 Loom
15:56 Double-Bit Axe
15:58 Horse Collar
18:23 Fletching
23:23 Castle Age
Nandor the Relenting
11:07 Loom
13:23 Feudal Age
17:27 Castle Age
15:46 Double-Bit Axe
17:44 Fletching
22:28 Bow Saw
holungb
13:42 Feudal Age
12:10 Double-Bit Axe
13:58 Loom
22:39 Castle Age
axjhbl90
10:45 Loom
12:55 Feudal Age
13:34 Double-Bit Axe
14:27 Gold Mining
16:13 Wheelbarrow
18:35 Castle Age
19:39 Hand Cart
20:32 Bow Saw
21:12 Crossbowman
wuyu
3:15 Loom
15:09 Feudal Age
20:40 Castle Age
Connection lost

Rejoining the realm…

Still unreachable

The connection could not be restored.

Session expired

The server has moved on; the page needs a fresh start.